 Dungeon Crawl Stone Soup version 0.29-a0-275-g389c0b56f3 (webtiles) character file.

Game seed: 10134016867977639820

22 sammy202020 the Skirmisher (level 2, 0/19 HPs)
             Began as a Gargoyle Fighter on Mar 10, 2022.
             Slain by a hobgoblin (5 damage)
             ... led by Robin
             ... on level 2 of the Dungeon.
             The game lasted 00:01:03 (1324 turns).

sammy202020 the Skirmisher (Gargoyle Fighter)       Turns: 1324, Time: 00:01:03

Health: 0/19       AC:  9    Str: 19    XL:     2   Next: 91%
Magic:  2/2        EV:  9    Int:  8    God:
Gold:   73         SH:  4    Dex:  9    Spells: 1/1 levels left

rFire   . . .      SeeInvis .   a - +0 flail
rCold   . . .      Faith    .   c - +0 buckler
rNeg    + . .      Spirit   .   b - +0 scale mail
rPois   ∞          Reflect  .   (no helmet)
rElec   +          Harm     .   (no cloak)
rCorr   .          Rampage  .   (no gloves)
Will    .....                   (no boots)
Stlth   ..........              (no amulet)
HPRegen 0.06/turn               (no ring)
MPRegen 0.08/turn               (no ring)

@: no status effects
A: sickness immunity, AC +2, negative energy resistance 1, electricity
resistance, torment resistance 1, petrification resistance
a: no special abilities


You were on level 2 of the Dungeon.
You visited 1 branch of the dungeon, and saw 2 of its levels.

You collected 73 gold pieces.

Inventory:

Hand Weapons
 a - a +0 flail (weapon)
Armour
 b - a +0 scale mail (worn)
 c - a +0 buckler (worn)
Scrolls
 e - a scroll of amnesia {unknown}
 g - a scroll of immolation {unknown}
 i - a scroll of enchant armour {unknown}
Potions
 d - a potion of might
 f - 2 potions of curing {unknown}
 h - a potion of attraction {unknown}


   Skills:
 * Level 3.5 Fighting
 * Level 2.3 Maces & Flails
 * Level 3.5 Armour
 + Level 0.3 Dodging
 * Level 3.5 Shields


You had one spell level left.
You didn't know any spells.
Your spell library was empty.

Dungeon Overview and Level Annotations

Branches:
Dungeon (2/15)

Altars:

Shops:
D:1 *

Annotations:
D:2 Jessica, Robin


Innate Abilities, Weirdness & Mutations

You are immune to sickness and miasma.
Your stone body is resilient. (AC +2)
You are immune to poison.
You resist negative energy. (rN+)
You are resistant to electric shocks. (rElec)
You are resistant to unholy torment.
You are immune to petrification.


Message History

A hobgoblin comes into view.
You block the hobgoblin's attack. x2
An endoplasm comes into view.
The endoplasm quivers.
You hit the hobgoblin.
You kill the hobgoblin!
Robin throws the goblin at you! The goblin hits you with a dagger.
You barely miss the goblin.
The goblin hits you but does no damage. x2
A hobgoblin comes into view. It is quivering poisoned darts.
You closely miss the goblin.
Jessica casts a spell.
Jessica blinks!
The goblin hits you with a +0 dagger. The goblin hits you with a +0 club.
Jessica gestures wildly while chanting.
Jessica blinks!
You closely miss the goblin. The goblin barely misses you.
The goblin hits you but does no damage. You block the goblin's attack.
The goblin hits you but does no damage.
You hit the goblin.
The goblin is moderately wounded.
Jessica casts a spell.
Jessica blinks!
The goblin barely misses you. The goblin hits you but does no damage.
You sock the goblin!
You kill the goblin!
Robin throws the goblin at you!
The goblin hits you but does no damage. x2
You closely miss the goblin. The goblin barely misses you. x2
Robin roars a battlecry!
The goblin hits you but does no damage. The goblin hits you with a +0 club.
* * * LOW HITPOINT WARNING * * *
You hear a shout!
You sock the goblin!
You kill the goblin!
You hear a shout! x2
The goblin no longer looks unusually strong.
The goblin barely misses you.
You barely miss the goblin. You block the goblin's attack.
The hobgoblin closely misses you. You block the goblin's attack.
The hobgoblin hits you.
You die...

....... .....
..... ... .<. .
#.# #.. #.#
#....##.######g##.
........@g@ggg....
###.##...#####w.##
.........
#.....#### ##.##..
#. ### #.


You could see a worm, Robin, Jessica (fast), 3 hobgoblins and a goblin.

Vanquished Creatures
  2 endoplasms (D:1)
  3 hobgoblins
  A kobold (D:1)
  2 quokkas (D:1)
  A ball python (D:1)
  2 bats (D:1)
  A frilled lizard (D:1)
  5 goblins
  4 rats (D:1)
21 creatures vanquished.

Notes
Turn   | Place    | Note
-------+----------+-------------------------------------------
     0 | D:1      | sammy202020 the Gargoyle Fighter began the quest for the
                  | Orb.
     0 | D:1      | Reached XP level 1. HP: 14/14 MP: 1/1
   291 | D:1      | Found Pumuitte's General Store.
   363 | D:1      | Reached XP level 2. HP: 15/19 MP: 2/2
  1306 | D:2      | Noticed Jessica
  1311 | D:2      | Noticed Robin
  1324 | D:2      | Slain by a hobgoblin

Illustrated notes

Levels and vault maps discovered:
D:1:      roderic_chinese_lattice_arrival, layout_loops_corners, serial_shops,
          shop
D:2:      cheibrodos_old_hovel, layout_rooms,
          hellmonk_ecumenical_altar_pennies_from_heaven,
          minmay_indecisive_spiral, uniq_jessica, uniq_robin

Action                   || total
-------------------------++-------
Melee: Flail             ||    82
Armor: Scale mail        ||    38
Dodge: Dodged            ||    48
Block: Buckler           ||    15

Table legend: (Time is in decaauts)
 A = Elapsed time spent in this place.
 B = Non-inter-level travel time spent in this place.
 C = Inter-level travel time spent in this place.
 D = Time resting spent in this place.
 E = Time spent auto-exploring this place.
 F = Levels seen in this place.
 G = Mean time per level.
                   A        B        C        D        E       F      G
               +--------+--------+--------+--------+--------+-----+--------+
         Total |   1349 |   1333 |     16 |      0 |   1140 |   2 |  674.5 |
       Dungeon |   1349 |   1333 |     16 |      0 |   1140 |   2 |  674.5 |
               +--------+--------+--------+--------+--------+-----+--------+

Top non-repeatable levels by time:
     D:1: 1322 daAuts
     D:2: 27 daAuts
